 Dungeon Crawl Stone Soup version 0.16-a0-3008-g8433e14 (console) character file.

80 nht the Chopper (level 4, 0/39 HPs)
             Began as a Minotaur Berserker on Dec 7, 2014.
             Was a Priest of Trog.
             Slain by Grinder (5 damage)
             ... on level 3 of the Dungeon.
             The game lasted 00:01:37 (1933 turns).

nht the Chopper (Minotaur Berserker)                Turns: 1933, Time: 00:01:37

Health: 0/39       AC:  2    Str: 26    XL:     4   Next: 18%
Magic:  2/2        EV: 12    Int:  4    God:    Trog [***...]
Gold:   57         SH:  0    Dex: 11    Spells: 0 memorised, 3 levels left

rFire  . . .     SeeInvis .     a - +0 hand axe
rCold  . . .     Clarity  .     b - +0 animal skin
rNeg   . . .     SustAb   .     (no shield)
rPois  .         Gourm    .     (helmet restricted)
rElec  .         Spirit   .     (no cloak)
rCorr  .         Warding  .     (no gloves)
rMut   .         Stasis   .     (no boots)
MR     .....                    (no amulet)
Stlth  +.........               (no ring)
                                (no ring)

@: mighty, exhausted, not resistant to hostile enchantments, very unstealthy
A: retaliatory headbutt, horns 2
a: Burn Spellbooks, Berserk, Trog's Hand, Renounce Religion


You were on level 3 of the Dungeon.
You worshipped Trog.
Trog was most pleased with you.
You were not hungry.

You visited 1 branch of the dungeon, and saw 3 of its levels.

You collected 57 gold pieces.

Inventory:

Hand weapons
 a - a +0 hand axe (weapon)
Missiles
 m - 3 tomahawks (quivered)
Armour
 b - a +0 animal skin (worn)
Scrolls
 d - 2 scrolls of remove curse {unknown}
 e - a scroll of blinking {unknown}
 f - a scroll of recharging {unknown}
 g - 4 scrolls of identify {unknown}
 l - a scroll of amnesia {unknown}
 o - 4 scrolls of teleportation {unknown}
Potions
 j - a potion of magic
Comestibles
 c - 2 bread rations
 k - a meat ration


   Skills:
 - Level 3.6 Fighting
 + Level 6.1 Axes
 - Level 2.4 Armour
 - Level 2.1 Dodging


You had 3 spell levels left.
You didn't know any spells.

Dungeon Overview and Level Annotations

Branches:
Dungeon (3/15)

Altars:
Dithmenos
Makhleb
Ru
Vehumet

Annotations:
D:3 Grinder


Innate Abilities, Weirdness & Mutations

You reflexively headbutt those who attack you in melee.
You have a pair of horns on your head.


Message History

You feel yourself speed up.
Drink which item? (? for menu, Esc to quit)
It was a potion of might.
You feel very mighty all of a sudden.
Drink which item? (? for menu, Esc to quit)
It was a potion of magic.
Magic courses through your body.
You slash Grinder!
Grinder is heavily wounded.
Grinder hits you.
* * * LOW HITPOINT WARNING * * *
You are too injured to fight recklessly!
You are too injured to fight recklessly!
Drink which item? (? for menu, Esc to quit)
Okay, then.
You hit Grinder.
Grinder is heavily wounded.
Grinder hits you.
* * * LOW HITPOINT WARNING * * *
You writhe in agony.
You die... █.... ..█ █8.... ████.█ █.... █....█ █8... █....█ ██_█

█....███
███████......█
█.█.....█8█.█ .
█.....█.█.█.██ ...
███...█.█.█..███....
█...█.█.█.......█
█.<...█>█.@5....██
█.█...█_█..........
█.....███...███...
███.........█ ..
█.........█
█.........█
█.........█
█.........█


███████████ You could see Grinder.

Vanquished Creatures
  2 adders
  3 worms (D:2)
  A giant gecko (D:1)
  An ooze (D:1)
  2 giant cockroaches
  4 hobgoblins
  8 kobolds
  A quokka (D:2)
  7 bats
  2 giant newts
  5 goblins
  7 rats
43 creatures vanquished.

Notes
Turn   | Place    | Note
--------------------------------------------------------------
     0 | D:1      | nht, the Minotaur Berserker, began the quest for the Orb.
     0 | D:1      | Reached XP level 1. HP: 19/19 MP: 1/1
    23 | D:1      | Reached skill level 4 in Axes
   137 | D:1      | Reached XP level 2. HP: 19/26 MP: 1/1
   209 | D:1      | Acquired Trog's second power
   438 | D:1      | Reached skill level 5 in Axes
   581 | D:1      | Reached XP level 3. HP: 27/31 MP: 2/2
   731 | D:2      | Found a burning altar of Makhleb.
   889 | D:2      | Found a sacrificial altar of Ru.
  1680 | D:2      | Reached XP level 4. HP: 12/39 MP: 2/2
  1889 | D:3      | Reached skill level 6 in Axes
  1890 | D:3      | Found a shadowy altar of Dithmenos.
  1906 | D:3      | Found a radiant altar of Vehumet.
  1908 | D:3      | Noticed Grinder
  1933 | D:3      | Slain by Grinder

Action                   |  1- 3 |  4- 6 || total
-------------------------+-------+-------++-------
Melee: Hand axe          |    92 |    13 ||   105
Invok: Berserk           |     3 |     1 ||     4
  Use: Potion            |       |     3 ||     3
 Stab: Sleeping          |       |     1 ||     1
  Eat: Chunk             |     3 |     1 ||     4
       Beef jerky        |     1 |       ||     1
       Meat ration       |       |     1 ||     1
